MAA
PORTSMOUTH COASTIES @ NORTONVILLE CHEROKEES
07/13/2017
 
TOP OF THE 1ST
Portsmouth Coasties batting - Pitching for Nortonville Cherokees : RHP Richard Meyer
Pitching: RHP Richard Meyer
Batting: RHB José Masaferro 0-0: Foul Ball, location: 2F
0-1: Ball
1-1: Ball
2-1: Ball
3-1: Base on Balls
Batting: SHB Lou Boone 0-0: Ball
1-0: Called Strike
1-1: Foul Ball, location: 2F
1-2: Ball
2-2: Strikes out looking
Batting: RHB Seth Varela 0-0: Called Strike
0-1: Swinging Strike
José Masaferro steals 2nd base
0-2: Ball
1-2: Ball
2-2: Ball
3-2: Base on Balls
Batting: RHB Juan Jose Díaz 0-0: Ball
1-0: Ball
2-0: Called Strike
2-1: Called Strike
2-2: Foul Ball, location: 2F
2-2: Ball
3-2: Foul Ball, location: 2F
Single, Error in OF, E7, batter to second base
José Masaferro scores
Seth Varela to third
Batting: RHB John Gilliam 0-0: Ball
1-0: Foul Ball, location: 2F
1-1: 3-RUN HOME RUN (Flyball, 89XD), Distance : 403 ft
Batting: RHB Pablo Lugo 0-0: Ball
1-0: Ball
2-0: Foul Ball, location: 2F
2-1: Ground out 6-3 (Groundball, 6)
Batting: RHB Ángel López 0-0: Called Strike
0-1: Called Strike
0-2: Ball
1-2: Ball
2-2: DOUBLE (Flyball, 89M)
Batting: RHB Mark Frank 0-0: Called Strike
0-1: Called Strike
0-2: Ball
1-2: Strikes out swinging
Top of the 1st over - 4 run(s), 3 hit(s), 1 error(s), 1 left on base; Portsmouth 4 - Nortonville 0
BOTTOM OF THE 1ST
Nortonville Cherokees batting - Pitching for Portsmouth Coasties : RHP Bob Warford
Pitching: RHP Bob Warford
Batting: RHB Chris Oudekirk 0-0: Ball
1-0: Ball
2-0: Foul Ball, location: 2F
2-1: Foul Ball, location: 2F
2-2: Ground out 6-3 (Groundball, 6)
Batting: RHB Jim Unknown 0-0: Ball
1-0: Ball
2-0: Ground out 5-3 (Groundball, 6S)
Batting: RHB Ernest Lee 0-0: Swinging Strike
0-1: Foul Ball, location: 2F
0-2: Strikes out swinging
Bottom of the 1st over - 0 run(s), 0 hit(s), 0 error(s), 0 left on base; Portsmouth 4 - Nortonville 0
TOP OF THE 2ND
Portsmouth Coasties batting - Pitching for Nortonville Cherokees : RHP Richard Meyer
Batting: RHB José Villegas 0-0: Called Strike
0-1: Foul Ball, location: 2F
0-2: Foul Ball, location: 2F
0-2: Strikes out swinging
Batting: RHB José Masaferro 0-0: Called Strike
0-1: Ball
1-1: Swinging Strike
1-2: Strikes out looking
Batting: SHB Lou Boone 0-0: Ball
1-0: Called Strike
1-1: Called Strike
1-2: Ball
2-2: Strikes out swinging
Top of the 2nd over - 0 run(s), 0 hit(s), 0 error(s), 0 left on base; Portsmouth 4 - Nortonville 0
BOTTOM OF THE 2ND
Nortonville Cherokees batting - Pitching for Portsmouth Coasties : RHP Bob Warford
Batting: RHB Greg Terry 0-0: Fly out, F3 (Popup, 9LSF)
Batting: RHB Jean Lemaire 0-0: Called Strike
0-1: Foul Ball, location: 2F
0-2: Strikes out looking
Batting: RHB Joel Lee 0-0: Swinging Strike
0-1: SOLO HOME RUN (Flyball, 7LD), Distance : 374 ft
Batting: LHB Jafar Taha 0-0: DOUBLE (Line Drive, 8RD)
Batting: RHB Sapto Mainaky 0-0: Fly out, F7 (Flyball, 7M)
Bottom of the 2nd over - 1 run(s), 2 hit(s), 0 error(s), 1 left on base; Portsmouth 4 - Nortonville 1
TOP OF THE 3RD
Portsmouth Coasties batting - Pitching for Nortonville Cherokees : RHP Richard Meyer
Batting: RHB Seth Varela 0-0: Called Strike
0-1: Called Strike
0-2: Fly out, F3 (Line Drive, 34)
Batting: RHB Juan Jose Díaz 0-0: Foul Ball, location: 2F
0-1: SINGLE (Groundball, 56)
Batting: RHB John Gilliam 0-0: Ball
1-0: SINGLE (Line Drive, 4D)
Juan Jose Díaz to second
Batting: RHB Pablo Lugo 0-0: Hit by Pitch
Juan Jose Díaz to third
John Gilliam to second
Batting: RHB Ángel López 0-0: Ball
1-0: SINGLE (Line Drive, 56D)
Juan Jose Díaz scores
John Gilliam to third
Pablo Lugo to second
Pitching: LHP Neal Cosman
Batting: RHB Mark Frank 0-0: Called Strike
0-1: Swinging Strike
0-2: Strikes out swinging
Batting: RHB José Villegas 0-0: Ball
1-0: SINGLE (Line Drive, 9S)
John Gilliam scores
Pablo Lugo to third
Ángel López to second
Runner from 3rd tries for Home, SAFE, no throw or cutoff
Batting: RHB José Masaferro 0-0: Ball
1-0: 3-RUN HOME RUN (Line Drive, 78XD), Distance : 415 ft
Batting: SHB Lou Boone 0-0: Ball
1-0: Swinging Strike
1-1: Ground out U3 (Groundball, 3)
Top of the 3rd over - 6 run(s), 5 hit(s), 0 error(s), 0 left on base; Portsmouth 10 - Nortonville 1
BOTTOM OF THE 3RD
Nortonville Cherokees batting - Pitching for Portsmouth Coasties : RHP Bob Warford
Batting: RHB Roy Childress 0-0: Swinging Strike
0-1: Ball
1-1: Foul Ball, location: 2F
1-2: Ball
2-2: Strikes out swinging
Batting: RHB Chris Oudekirk 0-0: Swinging Strike
0-1: Ball
1-1: Foul Ball, location: 2F
1-2: Ball
2-2: Strikes out swinging, 2-3 out at first.
Batting: RHB Jim Unknown 0-0: Ball
1-0: Ball
2-0: Called Strike
2-1: Ball
3-1: Ground out 5-3 (Groundball, 5S)
Bottom of the 3rd over - 0 run(s), 0 hit(s), 0 error(s), 0 left on base; Portsmouth 10 - Nortonville 1
TOP OF THE 4TH
Portsmouth Coasties batting - Pitching for Nortonville Cherokees : LHP Neal Cosman
Batting: RHB Seth Varela 0-0: Called Strike
0-1: Ball
1-1: Foul Ball, location: 2F
1-2: Foul Ball, location: 2F
1-2: Ball
2-2: Ball
3-2: SINGLE (Line Drive, 34)
Batting: RHB Juan Jose Díaz 0-0: Ball
1-0: Ball
2-0: Called Strike
2-1: Ball
3-1: Foul Ball, location: 2F
3-2: Base on Balls
Seth Varela to second
Batting: RHB John Gilliam 0-0: Foul Ball, location: 2F
0-1: DOUBLE (Line Drive, 89S)
Seth Varela scores
Juan Jose Díaz to third
Pitching: RHP Dave Scougall
Batting: RHB Pablo Lugo 0-0: DOUBLE (Flyball, 9D)
Juan Jose Díaz scores
John Gilliam scores
Batting: RHB Ángel López 0-0: Ball
Wild Pitch!
Pablo Lugo to third
1-0: Ball
2-0: Ball
3-0: Called Strike
3-1: Base on Balls
Batting: RHB Mark Frank 0-0: Hit by Pitch
Ángel López to second
Batting: RHB José Villegas 0-0: Called Strike
0-1: Fly out, F4 (Popup, 4)
Batting: RHB José Masaferro 0-0: Called Strike
0-1: Ball
1-1: Ball
2-1: Fielders Choice at 2nd, 4-6 (Groundball, 4)
Pablo Lugo scores
Ángel López to third
Batting: SHB Lou Boone 0-0: Ball
José Masaferro steals 2nd base
1-0: Called Strike
1-1: Ball
2-1: Foul Ball, location: 2F
2-2: Strikes out looking
Top of the 4th over - 4 run(s), 3 hit(s), 0 error(s), 2 left on base; Portsmouth 14 - Nortonville 1
BOTTOM OF THE 4TH
Nortonville Cherokees batting - Pitching for Portsmouth Coasties : RHP Bob Warford
Batting: RHB Ernest Lee 0-0: Ball
1-0: Ground out 5-3 (Groundball, 56)
Batting: RHB Greg Terry 0-0: Foul Ball, location: 2F
0-1: Foul Ball, location: 2F
0-2: Foul Ball, location: 2F
0-2: Ball
1-2: Ground out 6-3 (Groundball, 6)
Batting: RHB Jean Lemaire 0-0: Ball
1-0: Foul Ball, location: 2F
1-1: Ball
2-1: Foul Ball, location: 2F
2-2: SINGLE (Groundball, 34D)
Batting: RHB Joel Lee 0-0: Ball
1-0: Ball
2-0: Ball
3-0: Base on Balls
Jean Lemaire to second
Batting: LHB Jafar Taha 0-0: Called Strike
0-1: DOUBLE (Flyball, 8RXD)
Jean Lemaire scores
Joel Lee to third
Batting: RHB Sapto Mainaky 0-0: Swinging Strike
0-1: Called Strike
0-2: Reached on error, E4 (Groundball, 4M)
Joel Lee scores
Jafar Taha scores
Batting: RHB Roy Childress 0-0: Ball
1-0: Foul Ball, location: 2F
1-1: Ground out 3-1 (Groundball, 34S)
Bottom of the 4th over - 3 run(s), 2 hit(s), 1 error(s), 1 left on base; Portsmouth 14 - Nortonville 4
TOP OF THE 5TH
Portsmouth Coasties batting - Pitching for Nortonville Cherokees : RHP Dave Scougall
Batting: RHB Seth Varela 0-0: Swinging Strike
0-1: Ball
1-1: Ball
2-1: Ground out 1-3 (Groundball, 13S)
Batting: RHB Juan Jose Díaz 0-0: Ball
1-0: SINGLE (Groundball, 4MD)
Batting: RHB John Gilliam 0-0: Ball
1-0: Ball
2-0: SINGLE (Line Drive, 6D)
Juan Jose Díaz to second
Batting: RHB Pablo Lugo 0-0: Ball
1-0: Ball
2-0: Foul Ball, location: 2F
2-1: SINGLE (Groundball, 6MD)
Juan Jose Díaz to third
John Gilliam to second
Runner from 3rd tries for Home, SAFE, throw made home
Batting: RHB Ángel López 0-0: Fly out, F3 (Popup, 23F)
Batting: RHB Mark Frank 0-0: Foul Ball, location: 2F
0-1: Ground out 4-3 (Groundball, 4)
Top of the 5th over - 1 run(s), 3 hit(s), 0 error(s), 2 left on base; Portsmouth 15 - Nortonville 4
BOTTOM OF THE 5TH
Nortonville Cherokees batting - Pitching for Portsmouth Coasties : RHP Bob Warford
Batting: RHB Chris Oudekirk 0-0: Ball
1-0: Called Strike
1-1: Called Strike
1-2: Fly out, F3 (Line Drive, 3)
Batting: RHB Jim Unknown 0-0: Called Strike
0-1: Ball
1-1: Fly out, F8 (Flyball, 8LM)
Batting: RHB Ernest Lee 0-0: Foul Ball, location: 2F
0-1: Ball
1-1: Called Strike
1-2: Foul Ball, location: 2F
1-2: Ball
2-2: Ball
3-2: Foul Ball, location: 2F
3-2: Base on Balls
Batting: RHB Greg Terry 0-0: Swinging Strike
0-1: Ball
1-1: Ball
2-1: Ball
3-1: SINGLE (Flyball, 8RS)
Ernest Lee to second
Batting: RHB Jean Lemaire 0-0: Swinging Strike
0-1: Foul Ball, location: 2F
0-2: Foul Ball, location: 2F
0-2: Foul Ball, location: 2F
0-2: Strikes out looking
Bottom of the 5th over - 0 run(s), 1 hit(s), 0 error(s), 2 left on base; Portsmouth 15 - Nortonville 4
TOP OF THE 6TH
Portsmouth Coasties batting - Pitching for Nortonville Cherokees : RHP Dave Scougall
Pitching: RHP Gunner Hanna
Batting: RHB José Villegas 0-0: Called Strike
0-1: Ball
1-1: DOUBLE (Flyball, 78M)
Batting: RHB José Masaferro 0-0: Called Strike
0-1: Called Strike
0-2: Strikes out swinging
Batting: SHB Lou Boone 0-0: Ball
1-0: SINGLE (Groundball, 4MD)
José Villegas to third
Runner from 3rd tries for Home, SAFE, no throw or cutoff
Batting: RHB Seth Varela 0-0: Ball
1-0: Ball
2-0: Grounds into double play, 4-6-3 (Groundball, 34)
Top of the 6th over - 1 run(s), 2 hit(s), 0 error(s), 0 left on base; Portsmouth 16 - Nortonville 4
BOTTOM OF THE 6TH
Nortonville Cherokees batting - Pitching for Portsmouth Coasties : RHP Bob Warford
Batting: RHB Joel Lee 0-0: Called Strike
0-1: Foul Ball, location: 2F
0-2: Foul Ball, location: 2F
0-2: Strikes out looking
Batting: LHB Jafar Taha 0-0: Ball
1-0: Called Strike
1-1: Foul Ball, location: 2F
1-2: Strikes out swinging
Batting: RHB Sapto Mainaky 0-0: Ball
1-0: Swinging Strike
1-1: Ball
2-1: Foul Ball, location: 2F
2-2: Strikes out swinging
Bottom of the 6th over - 0 run(s), 0 hit(s), 0 error(s), 0 left on base; Portsmouth 16 - Nortonville 4
TOP OF THE 7TH
Portsmouth Coasties batting - Pitching for Nortonville Cherokees : RHP Gunner Hanna
Batting: RHB Juan Jose Díaz 0-0: Ball
1-0: Called Strike
1-1: SINGLE (Flyball, 9LM)
Batting: RHB John Gilliam 0-0: Ball
1-0: SINGLE (Groundball, 34)
Juan Jose Díaz to second
Runner from 2nd tries for 3rd, SAFE, throw made to third
Batting: RHB Pablo Lugo 0-0: Ball
1-0: Foul Ball, location: 2F
1-1: Ball
2-1: Ball
3-1: Called Strike
3-2: Strikes out swinging
Batting: RHB Ángel López 0-0: Ball
1-0: Ball
2-0: Grounds into double play, 6-4-3 (Groundball, 6)
Top of the 7th over - 0 run(s), 2 hit(s), 0 error(s), 1 left on base; Portsmouth 16 - Nortonville 4
BOTTOM OF THE 7TH
Nortonville Cherokees batting - Pitching for Portsmouth Coasties : RHP Bob Warford
Batting: RHB Roy Childress 0-0: Swinging Strike
0-1: DOUBLE (Line Drive, 5D)
Pitching: RHP Bob McGhee
Batting: RHB Chris Oudekirk 0-0: Ground out 5-3 (Groundball, 56)
Batting: RHB Jim Unknown 0-0: Ball
Roy Childress steals 3rd base
1-0: Ball
2-0: Ball
3-0: Base on Balls
Batting: RHB Ernest Lee 0-0: Foul Ball, location: 2F
0-1: Ball
1-1: Ball
2-1: Swinging Strike
2-2: Fly out, F8 (Line Drive, 8RM)
Runner from 3rd tags up, SCORES, no throw
Batting: RHB Greg Terry 0-0: Ball
1-0: Called Strike
1-1: SINGLE (Flyball, 89S)
Jim Unknown to second
Runner from 2nd tries for 3rd, SAFE, no throw or cutoff
Batting: RHB Jean Lemaire 0-0: Ground out 5-3 (Groundball, 5)
Bottom of the 7th over - 1 run(s), 2 hit(s), 0 error(s), 2 left on base; Portsmouth 16 - Nortonville 5
TOP OF THE 8TH
Portsmouth Coasties batting - Pitching for Nortonville Cherokees : RHP Gunner Hanna
Pitching: RHP Eduardo Ortega
Batting: RHB Mark Frank 0-0: Ball
1-0: Swinging Strike
1-1: SINGLE (Line Drive, 56D)
Batting: RHB José Villegas 0-0: Called Strike
0-1: Ball
1-1: Swinging Strike
1-2: Ball
Wild Pitch!
Mark Frank to second
2-2: Strikes out looking
Pinch Hitting: LHB Jim Unknown 0-0: Ball
1-0: 2-RUN HOME RUN (Line Drive, 89XD), Distance : 403 ft
Batting: SHB Lou Boone 0-0: Ball
1-0: Foul Ball, location: 2F
1-1: Swinging Strike
1-2: Strikes out swinging
Batting: RHB Seth Varela 0-0: Ball
1-0: SINGLE (Groundball, 6MD)
Batting: RHB Juan Jose Díaz 0-0: Ball
1-0: Ball
2-0: Ball
3-0: Base on Balls
Seth Varela to second
Batting: RHB John Gilliam 0-0: Fly out, F9 (Flyball, 9M)
Top of the 8th over - 2 run(s), 3 hit(s), 0 error(s), 2 left on base; Portsmouth 18 - Nortonville 5
BOTTOM OF THE 8TH
Nortonville Cherokees batting - Pitching for Portsmouth Coasties : RHP Bob McGhee
Now in RF: Jim Unknown
Batting: RHB Joel Lee 0-0: Ball
1-0: Swinging Strike
1-1: SINGLE (Groundball, 6MD)
Batting: LHB Jafar Taha 0-0: Called Strike
0-1: Ball
1-1: Foul Ball, location: 2F
1-2: Foul Ball, location: 2F
1-2: DOUBLE (Flyball, 7D)
Joel Lee to third
Runner from 3rd tries for Home, throw and OUT!
Jafar Taha to third
Pinch Hitting: LHB Jim Unknown 0-0: Ball
1-0: Ball
2-0: Ball
3-0: Base on Balls
Batting: RHB Roy Childress 0-0: Called Strike
0-1: Ball
1-1: Ball
2-1: Swinging Strike
2-2: Foul Ball, location: 2F
2-2: Fly out, F9 (Flyball, 89S)
Batting: RHB Chris Oudekirk 0-0: Ball
1-0: Ball
2-0: Ground out 6-3 (Groundball, 6)
Bottom of the 8th over - 0 run(s), 2 hit(s), 0 error(s), 2 left on base; Portsmouth 18 - Nortonville 5
TOP OF THE 9TH
Portsmouth Coasties batting - Pitching for Nortonville Cherokees : RHP Eduardo Ortega
Now in LF: Jim Unknown
Batting: RHB Pablo Lugo 0-0: Called Strike
0-1: SINGLE (Line Drive, 7S)
Batting: RHB Ángel López 0-0: Called Strike
0-1: Swinging Strike
0-2: Ball
1-2: Strikes out swinging
Batting: RHB Mark Frank 0-0: Called Strike
Pablo Lugo is caught stealing 2nd base
0-1: Foul Ball, location: 2F
0-2: Strikes out swinging
Top of the 9th over - 0 run(s), 1 hit(s), 0 error(s), 0 left on base; Portsmouth 18 - Nortonville 5
BOTTOM OF THE 9TH
Nortonville Cherokees batting - Pitching for Portsmouth Coasties : RHP Bob McGhee
Batting: RHB Jim Unknown 0-0: Ball
1-0: Called Strike
1-1: Fly out, F8 (Flyball, 8LM)
Batting: RHB Ernest Lee 0-0: Swinging Strike
0-1: Foul Ball, location: 2F
0-2: Strikes out looking
Batting: RHB Greg Terry 0-0: Ball
1-0: Foul Ball, location: 2F
1-1: Foul Ball, location: 2F
1-2: Foul Ball, location: 2F
1-2: Fly out, F8 (Line Drive, 8LM)
Bottom of the 9th over - 0 run(s), 0 hit(s), 0 error(s), 0 left on base; Portsmouth 18 - Nortonville 5
This league is powered by Out of the Park Baseball, the baseball management simulation game for PC, Mac and Linux
Saturday, February 27th, 2021 - OOTP Baseball 15.6 Build 34